 Dungeon Crawl Stone Soup version 0.31.0-11-ge490571c62 (webtiles) character file.

Game seed: 4995925785864080029

184 Ijustatesigmund the Covered (level 5, -4/33 HPs)
             Began as a Gargoyle Fighter on Jan 30, 2024.
             Slain by a river rat (6 damage)
             ... in a sewer.
             The game lasted 00:04:38 (2156 turns).

Ijustatesigmund the Covered (Gargoyle Fighter)      Turns: 2156, Time: 00:04:39

Health: -4/33      AC:  7    Str: 20    XL:     5   Next: 64%
Magic:  4/4        EV:  9    Int: 10    God:
Gold:   152        SH:  4    Dex:  9    Spells: 4/4 levels left

rFire   + . .        a - +0 flail
rCold   + . .        c - +0 buckler
rNeg    + . .        b - +0 scale mail
rPois   ∞            (no helmet)
rElec   +            (no cloak)
rCorr   +            (no gloves)
SInv    .            (no boots)
Will    .....        (no amulet) Stlth
                     (no ring)
HPRegen 0.25/turn    (no ring)
MPRegen 0.09/turn

%: no passive effects
@: resistant, corroded, very slow
A: sickness immunity, AC +4, negative energy resistance 1, electricity
resistance, torment resistance 1, petrification resistance, low MP 1
a: no special abilities


You were in a sewer.
You visited 1 branch of the dungeon, and saw 3 of its levels.
You also visited: Sewer.

You collected 152 gold pieces.

Inventory:

Hand Weapons
 a - a +0 flail (weapon)
Armour
 b - a +0 scale mail (worn)
 c - a +0 buckler (worn)
Jewellery
 i - an amulet of faith
Potions
 d - a potion of might
 g - a potion of mutation


   Skills:
 + Level 4.2 Fighting
 * Level 3.9 Maces & Flails
 + Level 4.2 Armour
 + Level 4.1 Shields


You had 4 spell levels left.
You didn't know any spells.
Your spell library was empty.

Dungeon Overview and Level Annotations

Branches:
Dungeon (3/15)              Sewer (1/1)

Altars:
Uskayaw


Innate Abilities, Weirdness & Mutations

You are immune to sickness and miasma.
Your stone body is resilient. (AC +4)
You are immune to poison.
You resist negative energy. (rN+)
You are resistant to electric shocks. (rElec)
You are resistant to unholy torment.
You are immune to petrification.
Your magical capacity is low. (-10% MP)


Message History

The river rat bites you but does no damage.
The jelly barely misses you.
Your unstable footing causes you to fumble your attack.
The endoplasm freezes you.
You are frozen.
The river rat barely misses you. The jelly hits you.
You are splashed with acid!
* * * LOW HITPOINT WARNING * * *
The endoplasm barely misses you.
You are too injured to fight recklessly!
You are too injured to fight recklessly!
You are too injured to fight recklessly!
You are too injured to fight recklessly!
You are too injured to fight recklessly!
You are too injured to fight recklessly!
You are too injured to fight recklessly!
You are too injured to fight recklessly!
You are too injured to fight recklessly!
You are too injured to fight recklessly!
It was a potion of mutation.
You feel extremely strange.
You feel less energetic. The river rat bites you.
* * * LOW HITPOINT WARNING * * *
The jelly closely misses you. The endoplasm freezes you.
You are frozen.
* * * LOW HITPOINT WARNING * * *
It was a potion of resistance.
You feel protected. The river rat barely misses you.
The jelly closely misses you. The endoplasm closely misses you.
As you read the scroll labelled OZEABU NIGEHEE, it crumbles to dust.
It is a scroll of amnesia.
You feel forgetful for a moment. The river rat barely misses you.
The jelly barely misses you. You block the endoplasm's attack.
As you read the scroll labelled SAIKHL FAITZ, it crumbles to dust.
You hear a loud clanging noise!
It was a scroll of noise.
You hear a loud squeak.
You hear an angry hiss.
You hear a loud squeak.
The river rat bites you.
You die...

#.~# #..~....~#
#..# ##########
#†.## ##### #~~~#
~~~## ##~.## ~~.#
#~.~### #~.#
#.~...## ##..####
##..~..####~...JJ##
###~.~~##~.~.@JS~#
##...~.~.###rB~~.~#
##.~~..## #J~~..~
#.~~~## ~.##..
#~..~.~ .# .
#...~~..~ .#
#~.~#.~~~~.~ #
~.~.##.~.#..~ ~.~#
##..####


You could see 2 jellies, a river rat, 2 endoplasms, a giant cockroach and a ball
python.

Vanquished Creatures
  Natasha (D:2)
  7 adders
  3 river rats (D:3)
  A ribbon worm (D:3)
  An orc (D:3)
  4 ball pythons
  3 bats
  7 endoplasms
  12 giant cockroaches
  8 hobgoblins
  A jackal (D:3)
  3 quokkas
  A frilled lizard (D:1)
  2 goblins (D:2)
  A kobold (D:1)
  8 rats
63 creatures vanquished.

Notes
Turn   | Place    | Note
-------+----------+-------------------------------------------
     0 | D:1      | Ijustatesigmund the Gargoyle Fighter began the quest for
                  | the Orb.
     0 | D:1      | Reached XP level 1. HP: 14/14 MP: 1/1
   246 | D:1      | Reached XP level 2. HP: 19/19 MP: 2/2
   530 | D:1      | Found a faded altar of an unknown god.
   968 | D:2      | Reached XP level 3. HP: 23/23 MP: 3/3
  1238 | D:2      | Reached XP level 4. HP: 28/29 MP: 4/4
  1523 | D:2      | Noticed Natasha
  1537 | D:2      | Killed Natasha
  1717 | D:3      | Reached XP level 5. HP: 33/33 MP: 5/5
  1745 | D:3      | Found a hide-covered altar of Uskayaw.
  1887 | D:3      | Found a glowing drain.
  1961 | Sewer    | Entered a sewer
  2153 | Sewer    | Gained mutation: Your magical capacity is low. (-10% MP)
                  | [potion of mutation]
  2153 | Sewer    | HP: 1/33 [frozen (3)]
  2156 | Sewer    | Slain by a river rat

Illustrated notes

Levels and vault maps discovered:
D:1:      dpeg_arrival_round_a, layout_basic,
          ebering_ecumenical_altar_sacrificial, hex_tiny
D:2:      minmay_roachtagon, layout_basic, uniq_natasha
D:3:      layout_basic, okawaru_trees_2, mainiacjoe_overflow_catwalk,
          portal_sewer_entry_b
Sewer:    sewer_hellmonk_slimy_pipes

Skill      XL: |  1  2  3  4  5 |
---------------+----------------+-----
Maces & Flails | 3 |  3.9
Armour         | 4 |  4.2
Fighting       | 4 |  4.2
Shields        | 4 |  4.1

Action                     |  1- 3 |  4- 6 || total
---------------------------+-------+-------++-------
  Melee: Flail             |    99 |   179 ||   278
    Use: Scroll            |       |     2 ||     2
         Potion            |       |     2 ||     2
 Armour: Scale mail        |    66 |   117 ||   183
  Dodge: Dodged            |    46 |   111 ||   157
  Block: Buckler           |    17 |    50 ||    67
